 Dungeon Crawl Stone Soup version 0.23.2-33-g5129a83 (webtiles) character file.

Game seed: 6261720323006900116

106296 Fang the Warrior (level 16, -3/108 HPs)
             Began as a Gargoyle Berserker on July 9, 2019.
             Was the Champion of Trog.
             Slain by metrokoi's ghost (5 damage)
             ... on level 2 of the Snake Pit.
             The game lasted 00:34:16 (27559 turns).

Fang the Warrior (Gargoyle Berserker)              Turns: 27559, Time: 00:34:17

Health: -3/108     AC: 40    Str: 28    XL:     16   Next: 43%
Magic:  16/16      EV: 13    Int:  8    God:    Trog [******]
Gold:   2399       SH:  0    Dex:  9    Spells: 15/15 levels left

rFire    . . .     SeeInvis +   B - +7 executioner's axe (flame)
rCold    + + .     Gourm    .   (shield currently unavailable)
rNeg     + . .     Faith    .   b - +1 plate armour
rPois    ∞         Spirit   .   Q - +1 helmet of Protective Custody {rC++ Stlth+}
rElec    +         Reflect  .   L - +2 cloak
rCorr    .         Harm     .   (no gloves)
MR       +....                  s - +2 pair of boots
Stlth    ..........             I - amulet of rage
HPRegen  0.28/turn              E - +5 ring of slaying
MPRegen  0.15/turn              y - ring of see invisible

@: berserk cooldown, flying, slowed, very slow
A: big wings, negative energy resistance 1, electricity resistance, unbreathing,
petrification resistance, rot immunity, AC +12
a: Stop Flying, Berserk, Trog's Hand, Brothers in Arms, Renounce Religion, Evoke
Berserk Rage


You were on level 2 of the Snake Pit.
You worshipped Trog.
Trog was exalted by your worship.
You were very hungry.

You visited 5 branches of the dungeon, and saw 26 of its levels.
You also visited: Gauntlet.

You collected 2479 gold pieces.
You spent 80 gold pieces at shops.

Inventory:

Hand Weapons
 a - a +6 war axe
 w - a +0 war axe of chopping
 B - a +7 executioner's axe of flaming (weapon)
 J - a +6 battleaxe of venom
 M - the +1 war axe of Woe {chop, Dex+3}
   (Trog gifted it to you on level 14 of the Dungeon)

   It inflicts extra damage upon your enemies.
   It affects your dexterity (+3).
 P - a +5 antimagic battleaxe
Armour
 b - a +1 plate armour (worn)
 s - a +2 pair of boots (worn)
 L - a +2 cloak (worn)
 Q - the +1 helmet of Protective Custody (worn) {rC++ Stlth+}
   (You found it on level 2 of the Snake Pit)

   It greatly protects you from cold.
   It makes you more stealthy.
Jewellery
 h - a +4 ring of dexterity
 j - a +4 ring of evasion
 y - a ring of see invisible (right hand)
 E - a +5 ring of slaying (left hand)
 G - an uncursed ring of protection from magic
 H - a +4 ring of protection
 I - an amulet of rage (around neck)
 K - an uncursed ring of resist corrosion
 R - an uncursed ring of magical power
Wands
 f - a wand of enslavement (4)
 o - a wand of polymorph (14)
 p - a wand of scattershot (13)
 q - a wand of digging (3)
 C - a wand of acid (12)
 D - a wand of random effects (24)
 O - a wand of disintegration (18)
Scrolls
 i - 11 scrolls of magic mapping
 k - 6 scrolls of teleportation
 l - 6 scrolls of remove curse
 u - 10 scrolls of identify
 v - a scroll of fog
 F - a scroll of silence {unknown}
Potions
 d - 4 potions of cancellation
 e - 3 potions of heal wounds
 g - 4 potions of berserk rage
 m - 7 potions of curing
 n - 2 potions of resistance
 r - 3 potions of might
 t - 5 potions of haste
 x - 4 potions of mutation
 z - a potion of invisibility
 A - 3 potions of agility
Comestibles
 c - 33 rations


   Skills:
 + Level 15.6 Fighting
 + Level 13.5 Axes
 + Level 15.4 Armour
 + Level 12.4 Dodging


You had 15 spell levels left.
You didn't know any spells.
Your spell library was empty.

Dungeon Overview and Level Annotations

Branches:
Dungeon (15/15)            Temple (1/1) D:6            Lair (6/6) D:8
 Shoals (0/4) Lair:4        Snake (2/4) Lair:4        Slime (0/5) Lair:5
    Orc (2/2) D:11            Elf (0/3) Orc:2        Vaults (0/5) D:14
 Depths (0/5) D:15

Altars:
Cheibriados
Dithmenos
Elyvilon
Fedhas
Gozag
Makhleb
Nemelex Xobeh
Okawaru
Trog
Wu Jian
Zin
The Shining One
Beogh
Jiyva

Shops:
D:6 %   D:7 (*}?   D:12 *   D:14 (   Orc:2 :**(   Snake:1 !

Annotations:
Lair:5 1 runed translucent door
Lair:6 exclusion: oklob plant
Snake:2 metrokoi's ghost, adept DrFi


Innate Abilities, Weirdness & Mutations

You are resistant to torment.
Your stone body is resilient. (AC +12)
You are immune to poison.
Your large and strong wings let you fly indefinitely.
You resist negative energy. (rN+)
You are resistant to electric shocks. (rElec)
You can survive without breathing.
You are immune to petrification.
You are immune to rotting.


Message History

Metrokoi's ghost closely misses you.
Metrokoi's ghost hits you but does no damage.
Metrokoi's ghost closely misses you.
You hit metrokoi's ghost but do no damage.
Metrokoi's ghost is severely damaged.
Metrokoi's ghost barely misses you.
Metrokoi's ghost hits you but does no damage.
You miss metrokoi's ghost.
Metrokoi's ghost is severely damaged.
Metrokoi's ghost hits you but does no damage.
You hit metrokoi's ghost.
Metrokoi's ghost is severely damaged.
Metrokoi's ghost hits you!
* * * LOW HITPOINT WARNING * * *
Metrokoi's ghost misses you.
Metrokoi's ghost hits you but does no damage.
You closely miss metrokoi's ghost.
Metrokoi's ghost is severely damaged.
Metrokoi's ghost hits you.
You die...

...#
#...#..##............####
...##....#..##.............##
#.##..####..#...............#
###..# #..................#
.# ##...#####.........##
#...#♣8♣#..........#
#...#:??#..........#
#...##W##..........#
#.....@...........##
#.................#
#................###
#..............###
#...........####
#..^.....#### ###...#### ##.#
#.


You could see metrokoi's ghost.

Vanquished Creatures
  Rupert (Orc:2)
  Jorgrun (Orc:2)
  An orc warlord (Orc:2)
  Nessos (D:12)
  A dire elephant (D:15)
  Azrael (Orc:1)
  Josephine (Orc:2)
  Erolcha (D:9)
  A rakshasa (D:15)
  11 hydras
  An ogre mage (Orc:1)
  3 anacondas
  Erica (Orc:1)
  2 tengu warriors (D:14)
  6 two-headed ogres
  A death knight (D:13)
  7 centaur warriors
  Urug (D:13)
  An orc high priest (Orc:2)
  2 shock serpents (Snake:2)
  A fire crab (D:15)
  An unseen horror (D:13)
  A naga ritualist (Snake:1)
  A lindwurm (Lair:4)
  An orc knight (Orc:1)
  4 mana vipers
  2 orc sorcerers
  3 cyclopes
  A wolf spider zombie (D:15)
  5 salamanders
  13 ugly things
  2 manticores
  2 deep elf magi (D:13)
  12 black mambas
  A centaur zombie (D:14)
  Maurice (D:9)
  6 naga magi
  14 elephants
  A gargoyle (D:15)
  10 spiny frogs
  2 torpor snails (Lair:5)
  2 kobold demonologists
  5 komodo dragons
  A redback zombie (D:15)
  A freezing wraith (D:15)
  An efreet (D:14)
  A tengu conjurer (D:14)
  A polar bear (Lair:5)
  7 trolls
  2 dream sheep (Lair:5)
  12 hippogriffs
  6 slime creatures
  16 blink frogs
  Sigmund (D:5)
  A vampire (D:13)
  A shadow (D:14)
  5 wraiths
  A spriggan (D:7)
  3 wyverns
  6 fire elementals
  31 yaks
  4 fire bats (D:13)
  7 basilisks
  3 hungry ghosts
  A steam dragon (D:7)
  6 vampire mosquitoes
  A warg (Orc:2)
  9 nagas
  A soldier ant (D:14)
  2 hell hounds
  14 water moccasins
  6 porcupines
  30 orc warriors
  2 phantoms
  6 ice beasts
  7 sky beasts
  A hornet zombie (D:12)
  An eye of draining (D:15)
  15 ogres
  16 wolves
  21 centaurs
  13 crocodiles
  4 big kobolds
  A gnoll sergeant (D:8)
  A wyvern zombie (D:14)
  12 bullfrogs
  2 wyvern skeletons
  6 scorpions
  5 wights (D:14)
  5 howler monkeys
  6 electric eels
  7 crimson imps
  2 lava snakes (D:13)
  2 bullfrog zombies
  A quasit (D:8)
  11 hounds
  A jelly (D:12)
  30 orc priests
  3 gnoll shamans
  2 centaur skeletons
  5 iguanas
  11 worker ants
  Natasha (twice) (D:3)
  30 orc wizards
  4 hell rats (Lair:4)
  A killer bee zombie (D:8)
  A bullfrog simulacrum (D:10)
  A hound zombie (D:4)
  2 hound skeletons
  A worker ant zombie (D:7)
  A howler monkey zombie (D:7)
  10 adders
  17 gnolls
  A shadow imp (D:15)
  2 white imps (D:10)
  4 oozes
  An adder zombie (D:7)
  2 worms (D:3)
  4 dart slugs
  9 leopard geckos
  84 orcs
  A ball python (D:2)
  4 giant cockroaches
  2 hobgoblins (D:2)
  6 quokkas
  7 bats
  9 frilled lizards
  10 goblins
  25 kobolds
  A quokka zombie (D:5)
  8 rats
  A bush (D:5)
  3 fire vortices (D:13)
  5 fungi
  6 plants
781 creatures vanquished.

Vanquished Creatures (collateral kills)
  Donald (Orc:2)
  An ironheart preserver (D:14)
  2 orc high priests (Orc:2)
  An unseen horror (D:14)
  An orc sorcerer (Orc:2)
  3 ugly things (D:14)
  A tengu conjurer (D:14)
  2 yaks (D:14)
  A hungry ghost (D:14)
  An orc priest (Orc:2)
  A worker ant (D:14)
15 creatures vanquished.

Vanquished Creatures (others)
  An orc wizard (Orc:2)
  An orc (D:15)
  A leopard gecko skeleton (D:8)
  9 fungi
  A plant (Lair:6)
13 creatures vanquished.

Grand Total: 809 creatures vanquished

Notes
Turn   | Place    | Note
-------+----------+-------------------------------------------
     0 | D:1      | Fang the Gargoyle Berserker began the quest for the Orb.
     0 | D:1      | Reached XP level 1. HP: 14/14 MP: 1/1
   269 | D:1      | Reached XP level 2. HP: 17/19 MP: 2/2
   872 | D:2      | Found a shadowy altar of Dithmenos.
   901 | D:2      | Reached XP level 3. HP: 10/23 MP: 3/3
  1243 | D:2      | Found a white marble altar of Elyvilon.
  1765 | D:2      | Found an iron altar of Okawaru.
  2033 | D:2      | Reached XP level 4. HP: 29/29 MP: 4/4
  2124 | D:3      | Reached ** piety under Trog
  2316 | D:3      | Noticed Natasha
  2334 | D:3      | Killed Natasha
  2438 | D:3      | Found a sparkling altar of Nemelex Xobeh.
  2496 | D:3      | Reached XP level 5. HP: 16/33 MP: 5/5
  2878 | D:3      | Noticed Natasha
  2898 | D:3      | Killed Natasha
  3127 | D:4      | Noticed an ogre
  3140 | D:4      | Killed an ogre
  3140 | D:4      | Reached XP level 6. HP: 25/39 MP: 6/6
  3734 | D:4      | Reached *** piety under Trog
  3734 | D:4      | Reached skill level 5 in Fighting
  4221 | D:4      | Reached XP level 7. HP: 34/44 MP: 7/7
  4362 | D:4      | Found a glowing silver altar of Zin.
  4432 | D:4      | Found a burning altar of Makhleb.
  4859 | D:5      | Entered Level 5 of the Dungeon
  5228 | D:5      | Noticed Sigmund
  5239 | D:5      | Reached skill level 5 in Armour
  5249 | D:5      | Killed Sigmund
  5249 | D:5      | Reached skill level 5 in Axes
  5249 | D:5      | Reached XP level 8. HP: 9/51 MP: 8/8
  5618 | D:5      | Found a blossoming altar of Fedhas.
  6113 | D:6      | Found Jeqonem's Food Shoppe.
  6119 | D:6      | Found a staircase to the Ecumenical Temple.
  6154 | Temple   | Entered the Ecumenical Temple
  6410 | D:6      | Reached XP level 9. HP: 48/56 MP: 9/9
  6483 | D:6      | Reached skill level 5 in Dodging
  7308 | D:7      | Found Ryapte's Gadget Shop.
  7567 | D:7      | Found Zeuggu's Magic Scroll Shop.
  7623 | D:7      | Found Luguann's Assorted Antiques.
  7623 | D:7      | Found Caal Emp's Antique Weapon Shoppe.
  7816 | D:7      | Found an opulent altar of Gozag.
  8118 | D:8      | Reached **** piety under Trog
  8156 | D:8      | Found a bloodstained altar of Trog.
  8181 | D:8      | Noticed a troll
  8188 | D:8      | Killed a troll
  8200 | D:8      | Reached XP level 10. HP: 49/64 MP: 10/10
  8921 | D:8      | Noticed a seven-headed hydra
  8936 | D:8      | Killed a 16-headed hydra
  9371 | D:8      | Found a staircase to the Lair.
  9989 | D:9      | Noticed a two-headed ogre
  9991 | D:9      | Noticed Maurice
  9997 | D:9      | Paralysed by Maurice for 2 turns
 10000 | D:9      | Reached ***** piety under Trog
 10001 | D:9      | Paralysed by Maurice for 6 turns
 10081 | D:9      | Killed Maurice
 10231 | D:9      | Killed a two-headed ogre
 10299 | D:9      | Found a glowing golden altar of the Shining One.
 10602 | D:9      | Reached XP level 11. HP: 61/71 MP: 11/11
 10680 | D:9      | Noticed Erolcha
 10692 | D:9      | Killed Erolcha
 10965 | D:10     | Entered Level 10 of the Dungeon
 10983 | D:10     | Reached skill level 10 in Fighting
 11023 | D:10     | Noticed a two-headed ogre
 11037 | D:10     | Killed a two-headed ogre
 11052 | D:10     | Received a gift from Trog
 11590 | D:10     | Reached skill level 10 in Armour
 12046 | D:11     | Noticed a white ugly thing
 12052 | D:11     | Killed a white ugly thing
 12058 | D:11     | Found a snail-covered altar of Cheibriados.
 12160 | D:11     | Found a staircase to the Orcish Mines.
 12167 | D:11     | Found a roughly hewn altar of Beogh.
 12384 | D:12     | Noticed a four-headed hydra
 12388 | D:12     | Killed a one-headed hydra
 12388 | D:12     | Noticed Nessos
 12748 | Lair:1   | Entered Level 1 of the Lair of Beasts
 12861 | Lair:1   | Reached XP level 12. HP: 67/79 MP: 12/12
 13412 | Lair:1   | You fall through a shaft!
 13469 | Lair:2   | Received a gift from Trog
 13600 | Lair:2   | Noticed an eight-headed hydra
 13604 | Lair:2   | Killed a six-headed hydra
 13628 | Lair:2   | Found a gate leading to a gauntlet.
 13689 | Lair:2   | Reached skill level 10 in Axes
 13753 | Gauntlet | Entered a Gauntlet
 13753 | Gauntlet | Found a transporter.
 13753 | Gauntlet | Found a transporter.
 13760 | Gauntlet | Found a transporter.
 13772 | Gauntlet | Found a transporter.
 13793 | Gauntlet | Found a transporter.
 13794 | Gauntlet | Noticed a cacodemon
 13796 | Gauntlet | Found a transporter.
 13804 | Gauntlet | Found a transporter.
 13809 | Gauntlet | Found a transporter.
 13809 | Gauntlet | Found a transporter.
 13809 | Gauntlet | Noticed an entropy weaver
 14149 | Lair:2   | Noticed a five-headed hydra
 14159 | Lair:2   | Killed a one-headed hydra
 15901 | Lair:4   | Noticed a seven-headed hydra
 15911 | Lair:4   | Reached XP level 13. HP: 43/86 MP: 13/13
 16387 | Lair:4   | Found a staircase to the Snake Pit.
 16511 | Lair:4   | Found a staircase to the Shoals.
 17258 | Lair:5   | Received a gift from Trog
 17420 | Lair:5   | Reached skill level 10 in Dodging
 17788 | Lair:5   | Found a runed translucent door.
 17788 | Lair:5   | Found a viscous altar of Jiyva.
 17789 | Lair:5   | Found a staircase to the Slime Pits.
 17789 | Lair:5   | Noticed an acid blob
 17789 | Lair:5   | Noticed an acid blob
 17789 | Lair:5   | Noticed an acid blob
 18129 | Lair:6   | Entered Level 6 of the Lair of Beasts
 18184 | Lair:6   | Gained mutation: Your large and strong wings let you fly
                  | indefinitely. [Gargoyle growth]
 18184 | Lair:6   | Reached XP level 14. HP: 76/94 MP: 14/14
 19633 | D:12     | Killed Nessos
 19705 | D:12     | Received a gift from Trog
 19955 | D:12     | Found Isaept's Demolitions Depot.
 20532 | D:13     | Reached ****** piety under Trog
 20633 | D:13     | Noticed Urug
 20642 | D:13     | Killed Urug
 21859 | D:14     | Noticed an ironheart preserver
 21865 | D:14     | Reached XP level 15. HP: 76/100 MP: 15/15
 21871 | D:14     | Received a gift from Trog
 21875 | D:14     | Got a polished war axe {god gift}
 21886 | D:14     | Identified the +1 war axe of Woe {chop, Dex+3} (Trog gifted
                  | it to you on level 14 of the Dungeon)
 22171 | D:14     | Found a gate to the Vaults.
 22177 | D:14     | You are sucked into a shaft!
 22177 | D:15     | Entered Level 15 of the Dungeon
 22898 | D:15     | Found a staircase to the Depths.
 23788 | D:14     | Found Plog's Weapon Shop.
 24102 | Orc:1    | Entered Level 1 of the Orcish Mines
 24102 | Orc:1    | Noticed Erica
 24110 | Orc:1    | Killed Erica
 24111 | Orc:1    | Received a gift from Trog
 24392 | Orc:2    | Entered Level 2 of the Orcish Mines
 24392 | Orc:2    | Noticed Rupert
 24392 | Orc:2    | Noticed an orc warlord
 24393 | Orc:2    | Noticed Jorgrun
 24405 | Orc:2    | Killed Rupert
 24413 | Orc:2    | Killed Jorgrun
 24413 | Orc:2    | Reached skill level 15 in Fighting
 24418 | Orc:2    | Killed an orc warlord
 24471 | Orc:2    | Noticed Azrael
 24487 | Orc:1    | Killed Azrael
 24884 | Orc:2    | Received a gift from Trog
 25012 | Orc:1    | Reached skill level 15 in Armour
 25351 | Orc:2    | Reached XP level 16. HP: 39/108 MP: 16/16
 25352 | Orc:2    | Identified the +0 shield "Bim Oci" {Int+3}
 25352 | Orc:2    | Noticed Donald
 25369 | Orc:2    | Killed Donald
 25663 | Orc:2    | Noticed Josephine
 25672 | Orc:2    | Killed Josephine
 26045 | Orc:2    | Found a staircase to the Elven Halls.
 26063 | Orc:2    | Found Pune's Assorted Antiques.
 26064 | Orc:2    | Found Minusch's Weapon Shop.
 26065 | Orc:2    | Found Heme's General Store.
 26068 | Orc:2    | Found Ykkoireju's Book Boutique.
 26347 | Snake:1  | Entered Level 1 of the Snake Pit
 26357 | Snake:1  | Found Voqyivecs's Distillery.
 26376 | Snake:1  | Bought a potion of heal wounds for 80 gold pieces
 27165 | Snake:2  | Got a warped helmet
 27176 | Snake:2  | Identified the +1 helmet of Protective Custody {rC++
                  | Stlth+} (You found it on level 2 of the Snake Pit)
 27515 | Snake:2  | Found a runed translucent door.
 27515 | Snake:2  | Noticed metrokoi's ghost (adept DrFi)
 27558 | Snake:2  | HP: 2/108 [metrokoi's ghost (15)]
 27559 | Snake:2  | Slain by metrokoi's ghost

Skill      XL: |  1  2  3  4  5  6  7  8  9 10 11 12 13 14 15 |
---------------+----------------------------------------------+-----
Axes           | 3 4 5 6 8 9 10 11 12 13 | 13.5
Dodging        | 2 3 4 6 7 8 9 10 11 12 | 12.4
Fighting       | 4 5 6 8 9 10 12 13 14 15 | 15.6
Armour         | 3 4 5 6 7 9 10 11 12 14 15 | 15.4

Action                   |  1- 3 |  4- 6 |  7- 9 | 10-12 | 13-15 | 16-18 || total
-------------------------+-------+-------+-------+-------+-------+-------++-------
Melee: Hand axe          |   108 |   236 |   428 |       |       |       ||   772
       War axe           |       |       |    80 |   266 |       |       ||   346
       Executioner's axe |       |       |       |   271 |   690 |   183 ||  1144
       Unarmed           |       |       |       |    15 |       |       ||    15
Invok: Berserk           |       |     3 |     6 |    10 |    11 |     1 ||    31
       Brothers in Arms  |       |       |       |       |     2 |       ||     2
       Trog's Hand       |       |       |       |       |     2 |       ||     2
 Abil: Fly               |       |       |       |       |     1 |       ||     1
Evoke: Wand              |       |     1 |     1 |       |       |       ||     2
  Use: Scroll            |       |       |    19 |    13 |     5 |     5 ||    42
       Potion            |       |       |       |     2 |     4 |       ||     6
 Stab: Distracted        |       |       |       |       |     1 |       ||     1
  Eat: Chunk             |     3 |    11 |    15 |    32 |    41 |     5 ||   107
       Ration            |       |       |     1 |     1 |     2 |     1 ||     5
Armor: Animal skin       |    11 |       |       |       |       |       ||    11
       Chain mail        |    51 |   173 |   208 |       |       |       ||   432
       Plate armour      |       |       |   153 |   564 |   847 |   152 ||  1716
       Skin              |       |       |       |     4 |       |       ||     4
Dodge: Dodged            |    53 |   148 |   245 |   646 |   838 |   162 ||  2092
